[Event "*** Titled Tuesday Blitz"]
[Site "Chess.com"]
[Date "2019.05.07"]
[Round "4"]
[White "Zarikovs1999"]
[Black "PowerThinking2650"]
[Result "0-1"]
[WhiteElo "2560"]
[BlackElo "2394"]
[TimeControl "180+2"]
[EndTime "13:56:11 PDT"]
[Termination "PowerThinking2650 won by resignation"]

1. e4 e5 2. Nf3 Nc6 3. Bb5 a6 4. Ba4 Nf6 5. O-O Be7 6. Re1 b5 7. Bb3 O-O 8. h3 d6 9. c3 Bb7 10. d3 Na5 11. Bc2 c5 12. Nbd2 Re8 13. Nf1 Bf8 14.
Ng3 d5 15. Qe2 d4 16. Nf5 Rc8 17. Bg5 Qb6 18. N3h4 h6 19. Bd2 c4 20. Qf3 cxd3 21. Bxd3 Nc4 22. Bc1 dxc3 23. bxc3 Rcd8 24. Bxc4 bxc4 25.
Be3 Qc6 26. Qg3 Kh7 27. f3 g6 28. Nd4 exd4 29. cxd4 Bg7 30. Rac1 Nxe4 31. fxe4 Bxd4 32. Bxd4 Rxd4 33. e5 Rxh4 34. Rf1 Re7 35. Rf6 Qc5+ 36. Kh1 Rh5 37. Rcf1 Qd5 38. Kh2 Bc8 39. Re1 Be6 40.
Ref1 Qxe5 41. R6f4 Rg5 42. Qf3 Bd5 43. Qf2 0-1

[Event "*** Titled Tuesday Blitz"]
[Site "Chess.com"]
[Date "2019.05.07"]
[Round "4"]
[White "gliglu"]
[Black "fastestmindalive"]
[Result "0-1"]
[WhiteElo "2612"]
[BlackElo "2655"]
[TimeControl "180+2"]
[EndTime "13:56:12 PDT"]
[Termination "fastestmindalive won by resignation"]

1. d4 Nf6 2. c4 e6 3. Nf3 d5 4.
Nc3 Bb4 5. Qa4+ Nc6 6. e3 O-O 7.
a3 Bxc3+ 8. bxc3 Re8 9. Be2 e5 10. O-O Bg4 11. cxd5 Nxd5 12. Qc2 e4 13. Ne1 Bxe2 14.
Qxe2 Nxc3 15. Qb2 Na4 16. Qxb7 Qd5 17. Qa6 Na5 18. Nc2 Re6 19. Nb4 Qh5 20. Rb1 Rxa6 21. Nxa6 Nc3 22. Rb4 Ne2+ 23. Kh1 h6 24. Bd2 Rc8 25. Nc5 Nc6 26. Rb7 Ne7 27. Rfb1 Kh7 28. Rxa7 Qf5 29. Be1 Nd5 30. a4 Nec3 31. Rb2 Nd1 32. Rd2 N1xe3 33. a5 Nxg2 34. Kxg2 Qf3+ 35. Kg1 Nf4 0-1

[Event "*** Titled Tuesday Blitz"]
[Site "Chess.com"]
[Date "2019.05.07"]
[Round "4"]
[White "Kimster98"]
[Black "tteshan"]
[Result "1-0"]
[WhiteElo "2621"]
[BlackElo "2307"]
[TimeControl "180+2"]
[EndTime "13:56:14 PDT"]
[Termination "Kimster98 won by resignation"]

1. Nf3 c5 2. c4 Nc6 3. d4 cxd4 4. Nxd4 g6 5. e4 Bg7 6. Be3 Nf6 7. Nc3 O-O 8. Be2 d6 9. f3 Bd7 10. Qd2 Nxd4 11.
Bxd4 a5 12. b3 Bc6 13. O-O Nd7 14. Be3 Nc5 15. Rab1 Qb6 16. Rfc1 Rfc8 17. Nb5 Bxb5 18. cxb5 h5 19. a3 Qd8 20. Qd5 Rab8 21. Bc4 Ne6 22.
Qd2 Ra8 23. Bd5 Qd7 24. a4 Nc5 25. Bxc5 e6 26. Bxe6 Qxe6 27. Qxd6 Rd8 28. Qxe6 fxe6 29. Rd1 Rac8 30. Bb6 Rxd1+ 31. Rxd1 Rc3 32. Bxa5 Rxb3 33. Bc7 Ra3 34. a5 Rb3 35. a6 bxa6 36. bxa6 Ra3 37. Rd6 Kf7 38. Rd7+ Kg8 39. Rd6 Kf7 40. Rc6 Bd4+ 41.
Kf1 Ra2 42. Bg3 Ke7 43. h4 Kd7 44. Rd6+ Ke7 45. Rxd4 Rxa6 46. Ke2 Ra2+ 47. Rd2 Ra1 48. Be5 Rg1 49. Kf2 Rh1 50. Kg3 Rb1 51. Rb2 Rd1 52.
Rb7+ Kf8 53. Kf4 Rg1 54. g3 Rc1 55. Kg5 Rc5 56. Kf6 Ke8 57. Kxe6 1-0

[Event "*** Titled Tuesday Blitz"]
[Site "Chess.com"]
[Date "2019.05.07"]
[Round "4"]
[White "plouarzel"]
[Black "Rap_woyska"]
[Result "0-1"]
[WhiteElo "2567"]
[BlackElo "2426"]
[TimeControl "180+2"]
[EndTime "13:56:18 PDT"]
[Termination "Rap_woyska won by resignation"]

1. e4 c5 2. Nf3 e6 3. d4 cxd4 4. Nxd4 Nc6 5. Nxc6 bxc6 6. Nc3 d5 7. Bd3 Nf6 8. O-O Be7 9. Qe2 O-O 10. e5 Nd7 11.
Na4 Bb7 12. c4 Nb6 13. Nxb6 axb6 14. b3 c5 15. cxd5 Qxd5 16. f3 Qd4+ 17. Be3 Qxe5 18. Qf2 Rfd8 19. Bb5 Ba6 20. Bxa6 Rxa6 21. Rfe1 Qf5 22.
Rad1 Raa8 23. Qe2 h6 24. g3 Bf6 25. Kg2 Rd5 26. Rxd5 exd5 27. Bf2 d4 28. a4 d3 29. Qd2 Rd8 30. Be3 Qd5 31. Rb1 c4 32. bxc4 Qxc4 33.
Rxb6 Bc3 34. Qd1 d2 35. Rb1 Qd3 36. Bf2 Qxb1 37. Qxb1 d1=Q 38. Qb6 Qd6 39. Qb3 Bd4 40. Be1 Rb8 41. Qd3 Rb2+ 42. Kh1 Qe5 43. Bd2 Rb8 44. a5 Rd8 45. a6 Bb6 46. a7 Rxd3 47.
a8=Q+ Kh7 48. Qe4+ Qxe4 49. fxe4 Rxd2 0-1

[Event "*** Titled Tuesday Blitz"]
[Site "Chess.com"]
[Date "2019.05.07"]
[Round "4"]
[White "Caisachess"]
[Black "sergeikim"]
[Result "0-1"]
[WhiteElo "2342"]
[BlackElo "2478"]
[TimeControl "180+2"]
[EndTime "13:56:21 PDT"]
[Termination "sergeikim won by checkmate"]

1. e4 e5 2. Nf3 Nc6 3. Bc4 Bc5 4. c3 Nf6 5. d3 d6 6. a4 a6 7. Nbd2 Ba7 8. Nf1 O-O 9. Ng3 Be6 10. Bxe6 fxe6 11.
O-O Qe8 12. b4 Nh5 13. Be3 Nf4 14. a5 Qg6 15. Bxa7 Rxa7 16. Re1 Raa8 17. Re3 Qf6 18.
Ra2 Ne7 19. d4 Neg6 20. dxe5 Nxe5 21. Nxe5 Qxe5 22. Qd4 Qg5 23. e5 d5 24. Rc2 h5 25.
f3 h4 26. Nf1 Rf5 27. Re1 Raf8 28. Kh1 Ng6 29. Rce2 h3 30. gxh3 Rxf3 31. Ng3 Nf4 32. Re3 Nxh3 33. Rxf3 Rxf3 34. c4 Rf4 35. Qa7 Rxc4 36.
Qxb7 Nf2+ 37. Kg2 Ng4 38. Qc8+ Kh7 39. Qxe6 Rc2+ 40. Re2 Ne3+ 41. Kf2 Qf4+ 42. Ke1 Rc1+ 43. Kd2 Nf1+ 44. Kd3 Qc4# 0-1

[Event "*** Titled Tuesday Blitz"]
[Site "Chess.com"]
[Date "2019.05.07"]
[Round "4"]
[White "novocane"]
[Black "Jadeit90"]
[Result "0-1"]
[WhiteElo "2230"]
[BlackElo "2383"]
[TimeControl "180+2"]
[EndTime "13:56:21 PDT"]
[Termination "Jadeit90 won by resignation"]

1. d4 g6 2. c4 Bg7 3. Nc3 c5 4. d5 d6 5. e4 Nf6 6. f3 O-O 7. Bg5 e6 8. Qd2 exd5 9. cxd5 Na6 10. Nge2 Nc7 11. Ng3 Rb8 12. a4 a6 13. Rb1 b5 14.
axb5 axb5 15. b4 c4 16. Be2 Re8 17. O-O Ra8 18. f4 Qd7 19. Bxf6 Bxf6 20. e5 dxe5 21. Nge4 Bg7 22. d6 Ne6 23. Nd5 Qa7+ 24. Kh1 Rd8 25.
Ndf6+ Kh8 26. fxe5 Qd4 27. Qxd4 Nxd4 28. Bf3 Nxf3 29.
Rxf3 Bb7 30. Ng5 Rf8 31. Rh3 h6 32. Nge4 Bxe4 33. Nxe4 Rae8 34. Nf6 Re6 35. Rd1 h5 36. g4 Bxf6 37. exf6 Rxf6 38. gxh5 Kg7 39. Re3 Rd8 40. d7 Re6 41. Rxe6 fxe6 42. hxg6 Kxg6 43. Rd6 Kf7 44. Kg2 Ke7 45. Rb6 Rxd7 46. Rxb5 Rc7 47. Ra5 c3 48. Ra1 Kd6 49. h4 Kc6 50. h5 Kb5 51. h6 Kxb4 52.
Kf3 Kb3 53. Ke3 Kb2 54. Rh1 c2 55. h7 Rxh7 56. Rxh7 c1=Q+ 0-1

[Event "*** Titled Tuesday Blitz"]
[Site "Chess.com"]
[Date "2019.05.07"]
[Round "4"]
[White "wannabe2700"]
[Black "MITerryble"]
[Result "0-1"]
[WhiteElo "2605"]
[BlackElo "2812"]
[TimeControl "180+2"]
[EndTime "13:56:23 PDT"]
[Termination "MITerryble won by resignation"]

1. e4 e6 2. d4 d5 3. Nc3 Nf6 4. e5 Nfd7 5. Nce2 c5 6. c3 cxd4 7. cxd4 f6 8. f4 fxe5 9. fxe5 Bb4+ 10. Bd2 Qh4+ 11. g3 Bxd2+ 12. Kxd2 Qe7 13. Nf3 O-O 14. Ke3 Nc6 15. Bh3 Nb6 16. b3 Bd7 17.
Rf1 Rac8 18. Rc1 Nb4 19. Qd2 Rxc1 20. Rxc1 Nc6 21. Nf4 h6 22. Qd3 Qa3 23. Qd2 Nc4+ 24. Rxc4 dxc4 25. d5 cxb3 26. axb3 Qxb3+ 27. Ke2 Nd8 28.
dxe6 Bxe6 29. Nxe6 Qxf3+ 30. Ke1 Qh1+ 31. Ke2 Qxh2+ 32.
Kd1 Qxd2+ 33. Kxd2 Nxe6 34. Bxe6+ Kh8 35. Bd7 Rf7 36.
e6 Re7 37. Kd3 g6 38. Kd4 Kg7 39. Ke5 a5 40. Bb5 h5 41. Bd7 g5 42. Kf5 h4 43.
gxh4 gxh4 44. Kg4 Kf6 45. Bb5 Rxe6 46. Kxh4 Re5 47. Bd7 a4 48. Kg3 a3 0-1

[Event "*** Titled Tuesday Blitz"]
[Site "Chess.com"]
[Date "2019.05.07"]
[Round "4"]
[White "Mimsychess"]
[Black "Jbd735"]
[Result "0-1"]
[WhiteElo "2348"]
[BlackElo "2468"]
[TimeControl "180+2"]
[EndTime "13:56:23 PDT"]
[Termination "Jbd735 won by resignation"]

1. e4 e5 2. Nf3 Nc6 3. Bc4 Bc5 4. c3 Nf6 5. d3 d6 6. a4 a6 7.
O-O h6 8. d4 Ba7 9. dxe5 dxe5 10. Qxd8+ Nxd8 11. Nbd2 Nc6 12. h3 O-O 13. Re1 Re8 14.
Nf1 Be6 15. Bxe6 Rxe6 16. Be3 Bxe3 17. Nxe3 Rd8 18. Nf5 Ne7 19. Rad1 Rxd1 20. Rxd1 Nxf5 21. Rd8+ Re8 22. Rxe8+ Nxe8 23. exf5 f6 24. Nd2 Nd6 25. g4 Kf7 26. Kf1 Ke7 27. Ke2 Kd7 28. Kd3 Kc6 29. b4 b5 30. a5 Kd5 31. f3 Nb7 32. c4+ Kc6 33. Kc3 Nd6 34. c5 Nc8 35. Kd3 Ne7 36. Kc3 Nd5+ 37. Kb3 Nf4 38. h4 Kd5 39. Ne4 Ne2 40. g5 hxg5 41. hxg5 fxg5 42. Nxg5 Nd4+ 43. Kc3 Nxf5 44. Ne4 Nd4 45. Nd2 g6 46. Kd3 Nc6 47. Ne4 Nxb4+ 48. Kc3 Nc6 49. Kd3 Nxa5 50. Kc3 Nb7 51. Kb4 c6 52. Nc3+ Kd4 53. Ne4 a5+ 54. Kb3 Nxc5+ 55. Nxc5 Kxc5 56. Kc3 a4 57. Kd3 b4 58. Ke4 Kd6 0-1

[Event "*** Titled Tuesday Blitz"]
[Site "Chess.com"]
[Date "2019.05.07"]
[Round "4"]
[White "ZuchBolt"]
[Black "Philosopherrr"]
[Result "1-0"]
[WhiteElo "2304"]
[BlackElo "2497"]
[TimeControl "180+2"]
[EndTime "13:56:32 PDT"]
[Termination "ZuchBolt won by checkmate"]

1. d4 Nf6 2. c4 e6 3. g3 c5 4. Nf3 cxd4 5. Nxd4 d5 6. cxd5 Qxd5 7. Nf3 Qxd1+ 8.
Kxd1 Ng4 9. Ke1 Bc5 10. e3 Nc6 11. h3 Nge5 12. Nxe5 Nxe5 13. f4 Nc6 14. Nc3 Bd7 15. Ne4 Be7 16. Bd2 O-O-O 17. Bc3 Rhg8 18.
Rd1 Kc7 19. Bg2 Nb4 20. Be5+ Kc8 21. Nd6+ Bxd6 22. Bxd6 Bc6 23. Bxc6 Nxc6 24. Ke2 Rd7 25. e4 f6 26. b4 b5 27. e5 Kb7 28. Ke3 Rgd8 29.
Rc1 fxe5 30. fxe5 Rf7 31. Rc5 a6 32. a4 Nxb4 33. axb5 Nd5+ 34. Ke4 a5 35. Rc6 h5 36. h4 a4 37. Ra1 Ra8 38. Bc5 Nc3+ 39. Ke3 Nxb5 40.
Rb6+ Kc7 41. Rxb5 Kc6 42. Rab1 Rd7 43. Bd4 a3 44. Rb6+ Kd5 45. R1b5+ Kc4 46. Rc5# 1-0

[Event "*** Titled Tuesday Blitz"]
[Site "Chess.com"]
[Date "2019.05.07"]
[Round "4"]
[White "slowdumbb"]
[Black "Alexander_Donchenko"]
[Result "0-1"]
[WhiteElo "2442"]
[BlackElo "2789"]
[TimeControl "180+2"]
[EndTime "13:56:34 PDT"]
[Termination "Alexander_Donchenko won by resignation"]

1. g3 c5 2. Bg2 Nc6 3. Nf3 g6 4. O-O Bg7 5. d3 e5 6. c4 Nge7 7.
Nc3 d6 8. Rb1 O-O 9. a3 a5 10. e4 h6 11. Nd5 Nxd5 12. exd5 Ne7 13. b4 axb4 14. axb4 b6 15. Bd2 f5 16. Qc2 Kh7 17.
Bc3 Ng8 18. Ra1 Bd7 19. Rxa8 Qxa8 20. Ra1 Qb7 21. b5 Ra8 22. Qb2 Ra7 23. Nd2 Bc8 24. f4 exf4 25. Bxg7 Rxa1+ 26. Qxa1 Qxg7 27. Qa8 Qd4+ 28. Kh1 Qxd3 29. Nf1 f3 30. Bh3 Bd7 31. Qd8 g5 32.
Qxd7+ Kg6 33. Qe8+ Kg7 34. Qd7+ Kg6 35. Qxd6+ Nf6 36.
Qe5 g4 37. Qe3 Qxc4 38. d6 Qxb5 39. Bg2 fxg2+ 40. Kxg2 Qc6+ 41. Kg1 Qxd6 42. Nd2 Qd4 43. Qxd4 cxd4 44. Kf1 Ne4 45. Nb3 d3 0-1

[Event "*** Titled Tuesday Blitz"]
[Site "Chess.com"]
[Date "2019.05.07"]
[Round "4"]
[White "el-reptiliano"]
[Black "GuerrieroFromLevant"]
[Result "0-1"]
[WhiteElo "2165"]
[BlackElo "2276"]
[TimeControl "180+2"]
[EndTime "13:56:34 PDT"]
[Termination "GuerrieroFromLevant won by resignation"]

1. Nf3 d5 2. e3 Nf6 3. c4 e6 4. b3 c5 5. Bb2 Nc6 6. cxd5 exd5 7. d4 Be7 8. dxc5 Bxc5 9. Be2 O-O 10. O-O Bf5 11.
Nc3 a6 12. Na4 Ba7 13. Nd4 Be4 14. Nxc6 bxc6 15. Ba3 Re8 16. Bc5 Bxc5 17. Nxc5 Qb6 18. Qd4 a5 19. Rac1 Qb4 20. Rfd1 Reb8 21. Qxb4 axb4 22.
Na4 Rd8 23. f3 Bf5 24. Rxc6 Bd7 25. Rc5 Bxa4 26. bxa4 Rxa4 27. Rd2 Ra3 28. e4 d4 29. Bc4 d3 30. Rc7 Rc3 31. Bxf7+ Kf8 32. Bc4 Rd4 33.
Rc8+ Ke7 34. Ba6 Ra3 35. Bc4 Kd7 36. Rc5 Rc3 37. Ra5 Rcxc4 38. Ra7+ Rc7 39. Ra4 Rc2 40. Rd1 d2 41. Kf2 Rc1 42. Ke2 Rxd1 43. Kxd1 Kc6 44. Ra8 Nd7 45. Rc8+ Kb5 46. Rc2 Ne5 47. Rxd2 Rxd2+ 48.
Kxd2 Ka4 49. Kc2 Ka3 50. Kb1 Nd3 51. g3 g5 52. h3 h5 53. Ka1 b3 54. axb3 Kxb3 55.
h4 gxh4 56. gxh4 Kc3 57. Kb1 Kd2 58. f4 Nxf4 59. e5 Ke3 60. Kc1 0-1

[Event "*** Titled Tuesday Blitz"]
[Site "Chess.com"]
[Date "2019.05.07"]
[Round "4"]
[White "PNEPaul"]
[Black "HouseOfDurin"]
[Result "0-1"]
[WhiteElo "1846"]
[BlackElo "1955"]
[TimeControl "180+2"]
[EndTime "13:56:35 PDT"]
[Termination "HouseOfDurin won by resignation"]

1. e4 c5 2. c3 d5 3. exd5 Qxd5 4. d4 Nc6 5. Nf3 Bf5 6. Be2 cxd4 7. cxd4 e6 8. Nc3 Qa5 9. O-O Nf6 10. Bb5 Be7 11. Ne5 Rc8 12. Qf3 Qc7 13. Bf4 Bd6 14.
Nxc6 bxc6 15. Bxd6 Qxd6 16. Ba6 Rc7 17. Qg3 Qxg3 18.
fxg3 O-O 19. Rac1 Rd8 20. Nb5 Rcd7 21. Rxc6 h6 22. Rfc1 Bd3 23. Rc8 Bxb5 24. Rxd8+ Rxd8 25. Bxb5 Rxd4 26. Rc2 Ne4 27. h3 Nxg3 28. a3 Nf5 29.
Be8 Kf8 30. Bb5 Nd6 31. Be2 Ke7 32. Rc7+ Kf6 33. Rxa7 Rd2 34. Bf3 Rxb2 35. a4 Ra2 36. Bc6 Nf5 37. Bb5 Ne3 38. g4 Rg2+ 39. Kh1 Rg3 40.
Kh2 Rg2+ 41. Kh1 Ra2 42. Bc6 Kg5 43. a5 Kh4 44. Rd7 Kxh3 45. Rxf7 Ra1+ 0-1

[Event "*** Titled Tuesday Blitz"]
[Site "Chess.com"]
[Date "2019.05.07"]
[Round "4"]
[White "ChessQueen"]
[Black "SloLev"]
[Result "1-0"]
[WhiteElo "2649"]
[BlackElo "2476"]
[TimeControl "180+2"]
[EndTime "13:56:36 PDT"]
[Termination "ChessQueen won on time"]

1. e4 e5 2. Bc4 Nf6 3. d4 Nc6 4. Nf3 exd4 5. e5 d5 6. Bb5 Ne4 7. Bxc6+ bxc6 8. Nxd4 c5 9. Ne2 Be7 10. O-O O-O 11. f3 Ng5 12. f4 Ne4 13. Nbc3 Nxc3 14. Nxc3 Bb7 15. Qg4 f5 16. exf6 Bxf6 17. f5 Re8 18. Qf3 Rb8 19. Na4 Bc6 20. Nxc5 Bd4+ 21. Kh1 Bxc5 22. Qc3 Bb5 23. Rd1 Bb6 24. Qg3 c6 25. Bg5 Qd7 26. f6 g6 27. a4 Bc7 28.
Qf2 Be2 29. Re1 Bg4 30. Re7 Rxe7 31. fxe7 Bf5 32. Rf1 Re8 33. h3 Bd6 34. g4 Be4+ 35. Kg1 Bf5 36. gxf5 Bxe7 37. f6 Rf8 38. fxe7 Rxf2 39.
Rxf2 Kg7 40. Rf8 Qd6 41. Kg2 1-0

[Event "*** Titled Tuesday Blitz"]
[Site "Chess.com"]
[Date "2019.05.07"]
[Round "4"]
[White "AryanTari"]
[Black "Lagmantr"]
[Result "1-0"]
[WhiteElo "2872"]
[BlackElo "2593"]
[TimeControl "180+2"]
[EndTime "13:56:38 PDT"]
[Termination "AryanTari won by resignation"]

1. e4 c5 2. Nf3 e6 3. d4 cxd4 4. Nxd4 Nf6 5. Nc3 Nc6 6. Nxc6 bxc6 7. e5 Nd5 8. Nxd5 cxd5 9. Bd3 d6 10. Qe2 dxe5 11.
Qxe5 f6 12. Qh5+ Ke7 13. Bd2 Qe8 14. Bb4+ Kd8 15. Ba5+ Ke7 16. Qe2 Kf7 17. O-O Bd6 18.
f4 Rb8 19. c4 Bb7 20. Rae1 Qd7 21. b4 Rbe8 22. c5 Bc7 23. Bxc7 Qxc7 24. Rc1 e5 25. c6 Bxc6 26. b5 Qb6+ 27. Kh1 e4 28. bxc6 exd3 29. Qh5+ g6 30. Qxd5+ Kg7 31. Qd7+ Kh6 32. c7 d2 33.
Qxd2 Rc8 34. Qd7 Qb2 35. Rcd1 f5 36. Rd3 Kh5 37. Rh3+ Kg4 38. Qd1+ 1-0

[Event "*** Titled Tuesday Blitz"]
[Site "Chess.com"]
[Date "2019.05.07"]
[Round "4"]
[White "chessking2151"]
[Black "Manukyan_Artak"]
[Result "1-0"]
[WhiteElo "2591"]
[BlackElo "2416"]
[TimeControl "180+2"]
[EndTime "13:56:38 PDT"]
[Termination "chessking2151 won by resignation"]

1. e4 c6 2. d4 d5 3. Nc3 dxe4 4. Nxe4 Nf6 5. Nxf6+ exf6 6. c3 Bd6 7. Bd3 O-O 8. Ne2 Qc7 9. Qc2 h6 10. Be3 c5 11.
O-O-O c4 12. Be4 Nc6 13. Ng3 b5 14. Nh5 a5 15. Rde1 Bg4 16. Ng3 b4 17. h3 Bd7 18.
Nf5 Bxf5 19. Bxf5 bxc3 20. bxc3 Ba3+ 21. Kd2 Rab8 22. Rb1 Ne7 23. Be4 Qd8 24. Rxb8 Qxb8 25. Rb1 Qd8 26. Qa4 Bd6 27. g4 Ng6 28. Qxc4 Nf4 29.
Rb5 Nxh3 30. Qd5 Bf4 31. Qxd8 Rxd8 32. Ke2 Ng5 33. Bxf4 Nxe4 34. Bd2 a4 35. f3 Nd6 36.
Rb4 f5 37. c4 fxg4 38. fxg4 Ne4 39. Be3 a3 40. Kd3 Nf6 41. g5 hxg5 42. Bxg5 Re8 43.
Bxf6 gxf6 44. d5 f5 45. d6 f4 46. c5 Re3+ 47. Kd2 Re5 48. Rd4 f3 49. d7 Re2+ 50.
Kd3 Kg7 51. d8=Q Re6 52. Qg5+ Rg6 53. Qe5+ Rf6 54. Rg4+ Kh7 55. Qxf6 1-0

[Event "*** Titled Tuesday Blitz"]
[Site "Chess.com"]
[Date "2019.05.07"]
[Round "4"]
[White "Thjop"]
[Black "severomorskij"]
[Result "1/2-1/2"]
[WhiteElo "2553"]
[BlackElo "2768"]
[TimeControl "180+2"]
[EndTime "13:56:41 PDT"]
[Termination "Game drawn by agreement"]

1. e4 c5 2. Nf3 Nc6 3. Nc3 e5 4. Bc4 Be7 5. d3 Nf6 6. a4 O-O 7. Bg5 d6 8. h3 Be6 9. Qd2 Nd4 10. Qd1 h6 11. Bxf6 Bxf6 12. Nd5 Bxd5 13. Bxd5 Qb6 14. Rb1 Nxf3+ 15. Qxf3 Qa5+ 16. c3 Qxa4 17. O-O Qd7 18. Qf5 Qxf5 19. exf5 Rab8 20. Ra1 a6 21. Ra3 Rfc8 22. c4 e4 23. dxe4 Bxb2 24. Rb3 Bd4 25. Rxb7 Rxb7 26. Bxb7 Rb8 27. Bxa6 Rb2 28. Bb5 Kf8 29.
Bc6 Ra2 30. Bd5 Ke7 31. g3 Ra1 32. Rxa1 Bxa1 33. Kg2 Bd4 34. f4 f6 35. Kf3 Bc3 36. Kg4 Be1 37. Kf3 Kf8 38. g4 Ke7 39. Ke2 Bg3 40. Kf3 Be1 41. Be6 Kf8 42. Bd5 Ke7 43.
Ke3 Kf8 44. Ke2 Bg3 45. Kf3 Be1 46. Ke3 1/2-1/2

[Event "*** Titled Tuesday Blitz"]
[Site "Chess.com"]
[Date "2019.05.07"]
[Round "4"]
[White "Berardino"]
[Black "Witik"]
[Result "1-0"]
[WhiteElo "2519"]
[BlackElo "2594"]
[TimeControl "180+2"]
[EndTime "13:56:43 PDT"]
[Termination "Berardino won by resignation"]

1. e4 c6 2. d4 d5 3. exd5 cxd5 4. c4 Nf6 5. Nc3 e6 6. Nf3 Be7 7. cxd5 Nxd5 8. Bd3 Nc6 9. O-O Nf6 10. a3 O-O 11. Re1 b6 12. Bc2 Ba6 13. Bg5 Re8 14. Qd2 Rc8 15. Rad1 Nd5 16. Ne4 g6 17. Ba4 Bxg5 18.
Nexg5 Re7 19. Ne5 Nxe5 20. dxe5 Rec7 21. Ne4 Kg7 22. Nd6 Rb8 23. Ne8+ Qxe8 24. Bxe8 Rxe8 25. Rc1 Rd7 26. h4 h6 27. Re4 Red8 28. Rd4 Bb7 29. Qd1 a6 30. Qf3 a5 31. Qg3 Ne7 32. Rxd7 Rxd7 33.
Qg4 Bd5 34. Qf4 h5 35. Qf6+ Kg8 36. f3 Bc6 37. g4 Nd5 38. Qg5 Bb7 39. gxh5 Kg7 40.
hxg6 fxg6 41. h5 Ne7 42. Qf6+ Kh7 43. hxg6+ Nxg6 44. Kf2 1-0

[Event "*** Titled Tuesday Blitz"]
[Site "Chess.com"]
[Date "2019.05.07"]
[Round "4"]
[White "mitrabhaa"]
[Black "ChristopherYoo"]
[Result "1-0"]
[WhiteElo "2660"]
[BlackElo "2702"]
[TimeControl "180+2"]
[EndTime "13:56:45 PDT"]
[Termination "mitrabhaa won by resignation"]

1. d4 Nf6 2. Nf3 g6 3. g3 Bg7 4.
Bg2 O-O 5. O-O d6 6. c4 Nc6 7. Nc3 e5 8. dxe5 dxe5 9. Qxd8 Rxd8 10. Bg5 Be6 11. Nd2 h6 12. Bxf6 Rxd2 13. Bxg7 Kxg7 14.
Bxc6 bxc6 15. b3 Rad8 16. Rfd1 R8d7 17. Rac1 e4 18. Kf1 f5 19. Ke1 Rxd1+ 20. Rxd1 Rxd1+ 21. Kxd1 Kf6 22. Kd2 Ke5 23. e3 g5 24. Ne2 Bd7 25.
b4 Kd6 26. c5+ Ke5 27. Kc3 a6 28. a3 Bc8 29. Nd4 Bd7 30. Ne2 Bc8 31. h4 Kd5 32.
hxg5 hxg5 33. Ng1 Ke5 34. Nh3 Kf6 35. Ng1 Ke5 36. Ne2 Kd5 37. Nd4 Bd7 38. Nb3 Ke5 39.
Na5 f4 40. Nc4+ Kf5 41. gxf4 gxf4 42. Kd4 Be6 43. Ne5 Bd5 44. Nd7 Kg4 45. Ne5+ Kf5 46. a4 Bb3 47. a5 Ba4 48. Nc4 Bb5 49. Nd2 Bd3 50. f3 fxe3 51. Kxe3 Ke5 52. fxe4 Bc2 53.
Nf3+ Kf6 54. Kf4 Ba4 55. Nd4 Kf7 56. Kg5 Ke7 57. e5 Kf7 58. e6+ Ke7 59. Kf5 Bd1 60. Ke5 Ba4 61. Nf5+ Kd8 62. Kf6 Bb3 63. e7+ 1-0

[Event "*** Titled Tuesday Blitz"]
[Site "Chess.com"]
[Date "2019.05.07"]
[Round "4"]
[White "vladimirdamjanovic"]
[Black "Firouzja2003"]
[Result "0-1"]
[WhiteElo "2578"]
[BlackElo "3062"]
[TimeControl "180+2"]
[EndTime "13:56:48 PDT"]
[Termination "Firouzja2003 won by resignation"]

1. e4 e6 2. d4 d5 3. Nc3 Nf6 4. Bg5 dxe4 5. Nxe4 Be7 6. Bxf6 gxf6 7. g3 Nc6 8. Ne2 a6 9. Bg2 f5 10. N4c3 Qd6 11.
O-O Bd7 12. d5 Ne5 13. dxe6 fxe6 14. Bxb7 Rb8 15. Bg2 Rxb2 16. Qc1 Qb6 17. Qh6 Ng4 18. Qh5+ Kf8 19. h3 Be8 20. hxg4 Bxh5 21. gxh5 Rxc2 22. Rab1 Rb2 23. Rxb2 Qxb2 24. Rb1 Qd2 25. Rb8+ Kg7 26. Rb1 Bf6 27. Rd1 Bxc3 28. Rxd2 Bxd2 29. Nd4 Kf6 30. Nc6 e5 31. Bf1 a5 32. Bc4 e4 33.
Kf1 Bc3 34. Ke2 Kg5 35. Ne7 Rf8 36. Nd5 Be5 37. Ne3 f4 38. gxf4+ Bxf4 39. Nd5 Kxh5 40. Nc3 Kg6 41. Nxe4 h5 42. Bd3 Kg7 43. Nc5 Re8+ 44.
Kf3 Bd6 45. Ne4 a4 46. Kg2 a3 47.
Kh3 Rb8 48. Bc4 Rb2 49. Bb3 Rxb3+ 50. axb3 a2 0-1

[Event "*** Titled Tuesday Blitz"]
[Site "Chess.com"]
[Date "2019.05.07"]
[Round "4"]
[White "kharov2001"]
[Black "DamianoLew95"]
[Result "1-0"]
[WhiteElo "2531"]
[BlackElo "2436"]
[TimeControl "180+2"]
[EndTime "13:56:48 PDT"]
[Termination "kharov2001 won by resignation"]

1. e4 c5 2. Nf3 d6 3. Bb5+ Nd7 4. d4 a6 5. Bxd7+ Qxd7 6. Nc3 e6 7. Bg5 h6 8. Bh4 g5 9. Bg3 Bg7 10. dxc5 dxc5 11. Be5 Bxe5 12. Nxe5 Qc7 13. Nc4 Ke7 14. e5 f5 15. Qh5 Bd7 16. Qg6 Kf8 17. Nd6 Bc8 18.
Qe8+ Kg7 19. Qh5 Qe7 20. h4 Bd7 21. hxg5 Be8 22. Nxe8+ Rxe8 23. O-O-O Qxg5+ 24. Qxg5+ hxg5 25. Rxh8 Kxh8 26. Rd7 Re7 27. Rd6 Nh6 28. Na4 Nf7 29. Rb6 Nxe5 30. Nxc5 Ng4 31. f3 Ne3 32. g3 Nf1 33.
Nxe6 Kg8 34. c3 g4 35. fxg4 fxg4 36. Nd4 Kf7 37. Nf5 Re1+ 38. Kc2 Ke8 39. Rxb7 Re5 40. Nd6+ Kf8 41. Rf7+ Kg8 42. Rxf1 1-0

[Event "*** Titled Tuesday Blitz"]
[Site "Chess.com"]
[Date "2019.05.07"]
[Round "4"]
[White "adriangschnitzer"]
[Black "superstructure"]
[Result "0-1"]
[WhiteElo "2402"]
[BlackElo "2309"]
[TimeControl "180+2"]
[EndTime "13:56:50 PDT"]
[Termination "superstructure won by checkmate"]

1. e4 e5 2. Nf3 Nc6 3. Bc4 Nf6 4. d3 Be7 5. O-O O-O 6. Re1 d6 7. a4 Kh8 8. Nc3 Bg4 9. h3 Bh5 10. Be3 Nd4 11. Bxd4 exd4 12. Nb1 c6 13. Nbd2 d5 14.
exd5 cxd5 15. Bb3 Bb4 16. Re5 Bxd2 17. Qxd2 Bxf3 18. gxf3 Qd7 19. Kh2 Rae8 20. Rae1 Re6 21.
Qf4 Rfe8 22. Qxd4 Qd6 23. f4 a6 24. Bxd5 Rxe5 25. fxe5 Qc7 26. c4 Nd7 27. f4 Nf8 28. b4 Ng6 29. a5 f6 30. Qb6 Qb8 31. Bf7 Re7 32. Bxg6 hxg6 33. Qd6 Qe8 34. d4 fxe5 35. fxe5 Rf7 36. e6 Rf2+ 37. Kg1 Rb2 38. Re4 g5 39. Qd7 Qh5 40. Re1 Qf3 41. Qd8+ Kh7 42. Qd5 Qf2+ 43. Kh1 Qh2# 0-1

[Event "*** Titled Tuesday Blitz"]
[Site "Chess.com"]
[Date "2019.05.07"]
[Round "4"]
[White "Ambitiousresolutions"]
[Black "Tartody"]
[Result "1-0"]
[WhiteElo "2705"]
[BlackElo "2488"]
[TimeControl "180+2"]
[EndTime "13:56:52 PDT"]
[Termination "Ambitiousresolutions won by resignation"]

1. e4 c6 2. Nc3 g6 3. Nf3 Bg7 4. d4 d5 5. h3 dxe4 6. Nxe4 Nf6 7.
Nxf6+ exf6 8. Qe2+ Qe7 9. Qxe7+ Kxe7 10. Bd3 Be6 11. O-O Rd8 12. b3 Kf8 13. Ba3+ Kg8 14. c4 Na6 15. Rad1 Rd7 16. Bc2 Rad8 17. Bb2 b5 18. d5 cxd5 19. cxb5 Nc5 20. Bd4 Ne4 21.
a4 Rc7 22. Bd3 Rdc8 23. a5 Nc3 24. Ra1 f5 25. b6 Bxd4 26. Nxd4 axb6 27. axb6 Re7 28.
Ra7 Ree8 29. b7 Rb8 30. Nc6 Kg7 31. Nxb8 Rxb8 32. Ba6 d4 33. Ra8 Rxb7 34. Bxb7 Bxb3 35. Rd8 Bc4 36. Re1 d3 37. Bf3 h5 38. Rc1 Ne2+ 39.
Bxe2 dxe2 40. Re1 Kf6 41. Rd4 Bb5 42. Rd2 Kg5 43. Rdxe2 Bxe2 44. Rxe2 f4 45. f3 f5 46. Kf2 Kh4 47. Ra2 Kg5 48. Ra6 Kh4 49. Ra2 g5 50.
Ra4 g4 51. fxg4 fxg4 52. hxg4 Kxg4 53. g3 1-0

[Event "*** Titled Tuesday Blitz"]
[Site "Chess.com"]
[Date "2019.05.07"]
[Round "4"]
[White "giantslayer83"]
[Black "NeverEverForever1990"]
[Result "1-0"]
[WhiteElo "2523"]
[BlackElo "2424"]
[TimeControl "180+2"]
[EndTime "13:56:54 PDT"]
[Termination "giantslayer83 won by resignation"]

1. d4 d5 2. c4 c6 3. Nf3 Nf6 4. e3 Bf5 5. Nc3 e6 6. Nh4 Be4 7. f3 Bg6 8. Qb3 Qc7 9. Bd2 Be7 10.
Nxg6 hxg6 11. g3 a6 12. Rc1 dxc4 13. Bxc4 b5 14. Be2 c5 15. dxc5 Nbd7 16. Qc2 Qxc5 17. f4 Rc8 18. Qd1 Qb6 19. Bf3 Nc5 20. Qe2 Rd8 21. O-O Nd3 22. Rc2 Nb4 23. Rcc1 Nd3 24. Rb1 b4 25. Ne4 Qb5 26. Rfd1 Qf5 27. Nxf6+ Bxf6 28.
e4 Qb5 29. Be3 O-O 30. Rd2 b3 31. a3 Nxb2 32. Qxb5 axb5 33. Rdxb2 Bxb2 34. Rxb2 Rd3 35. Kf2 Rc8 36. Be2 Rdc3 37. Bd4 Rc2 38. Rxb3 e5 39. Bxe5 Ra2 40. Kf3 Rcc2 41. Bxb5 Rf2+ 42. Ke3 Rxh2 43. Bc4 Rag2 44. f5 gxf5 45. exf5 Rc2 46. Rb8+ Kh7 47. Bxf7 Rhe2+ 48. Kf4 Rf2+ 49. Kg5 Rxf5+ 50. Kxf5 Rf2+ 51. Bf4 g6+ 52. Bxg6+ Kg7 53. Rb7+ Kg8 54. Kg5 Re2 55. Kf6 Rb2 56. Rxb2 1-0